Workbook

Sheet SUMMARY EST
A1: CONTRACT 32818-6W
A2: BISASAR ROAD LANDFILL SITE: CAPPING PHASE 3
A3: SUMMARY OF BILL OF QUANTITIES
A4: ESTIMATE
A5: Section | B5: Description | D5: Amount
A6: 1 | B6: SCHEDULED FIXED CHARGE ITEMS | C6: 0.15 | D6: =+C6*SUM(D8:D19) -> 0
A7: 1 | B7: SCHEDULED TIME RELATED ITEMS
A8: 1 | B8: SUMS STATED PROVISIONALLY | D8: =+'Sec.1 Prov.1.29 - 1.42'!G31 -> 0
A9: 2 | B9: SITE CLEARANCE | D9: =+' Sec.2 Site Clearance'!G10 -> 0
A10: =A9+1 -> 3 | B10: EARTHWORKS | D10: =+'Sec.3 Earth Wks'!G15 -> 0
A11: =A10+1 -> 4 | B11: EARTHWORKS (PIPE TRENCHES) | D11: =+'Sec.4 Earth Wks Pipes'!G23 -> 0
A12: =A11+1 -> 5 | B12: EARTHWORKS (ROADS, SUBGRADE) | D12: =+'Sec.5 Earth Wks. Roads'!G17 -> 0
A13: =+A12+1 -> 6 | B13: ROADS : SURFACING | D13: =+' Sec 6 Roads'!G21 -> 0
A14: =+A13+1 -> 7 | B14: GABIONS & PITCHING | D14: =+'Sec.6 Gabions & Pitching'!G21 -> 0
A15: =A14+1 -> 8 | B15: CONCRETE WORK | D15: =+'Sec.8 Conc.'!G18 -> 0
A16: =+A15+1 -> 9 | B16: SEWERS | D16: ='Sec.9 Sewers (2)'!G13 -> 0
A17: =A16+1 -> 10 | B17: STORMWATER DRAINAGE | D17: =+'Sec.8 SWD'!G17 -> 0
A18: =A17+1 -> 11 | B18: PARTICULAR SPECIFICATIONS: DAYWORKS | D18: =+'Sec.10 Dayworks'!G36 -> 0
A19: =+A18+1 -> 12 | B19: PARTICULAR SPECIFICATION: LINING | F19: No Lining in this Contract Phase
A20: SUB TOTAL EXC VAT | D20: =SUM(D6:D19) -> 0 | E20: =+D20/100000 -> 0 | F20: cost per m2
A22: ADD CONTINGENCY | C22: 0.15 | D22: =D20*C22 -> 0
A23: SUB TOTAL | D23: =D22+D20 -> 0
A24: ADD FOR ESCALATION | C24: 0.1 | D24: =+C24*D23 -> 0
A25: SUB TOTAL | D25: =D24+D23 -> 0
A26: ADD 15% VALUE ADDED TAX | C26: 0.15 | D26: =+D25*C26 -> 0
A27: SUB TOTAL | D27: =+D26+D25 -> 0
A28: FEES
A29: GAZETTED FEES AT | C29: 0.07 | D29: =+D27*C29 -> 0
A30: LESS 20% DISCOUNT | C30: -0.2 | D30: =+C30*D29 -> 0
A31: TOTAL FEE (ESTIMATED MAXIMUM) | D31: =+D30+D29 -> 0
A32: DISBURSEMENTS | C32: 0.0375 | D32: =+C32*D27 -> 0
A33: TOTAL FEE INCLUDING DISBURSMENT (EXCL. VAT) | D33: =SUM(D31:D32) -> 0
A34: OVERALL CONTRACT VALUE (tender, contingency, escalation & fees) | D34: =+D33+D27 -> 0
B35: DSW BUDGET 2023/2024 | D35: 0 | E35: 1400000 | F35: EAP
B36: 2024/2025 | D36: 4200000
B37: 2025/2026 | D37: 42000000
B38: 2026/2027 | D38: 30000000
B39: TOTAL BUDGET (EXC VAT) | D39: =SUM(D35:D38) -> 76200000
B40: SAVING / OVER BUDGET (EXC VAT) | D40: =+D39-D34 -> 76200000

Sheet Cashflow
B2: 23/24 | C2: 24/25 | D2: 25/26 | E2: 26/27
B3: 1400000 | C3: 4200000 | D3: 42000000 | E3: 30000000 | G3: =SUM(C3:E3) -> 76200000
C4: 4 | D4: 12 | E4: 12 | G4: =G3*0.92 -> 70104000
J5: Duration | K5: 50 weeks
B6: Allowable | C6: Fiscal Year 24/25 | D6: Fiscal Year 25/26 | E6: Fiscal Year 26/27
C7: 4200000 | D7: 42000000 | E7: 30000000
A8: Construction
A9: Proposed Spend | G9: Start date
A10: 12 Month Contract | C10: 1 Month | D10: 11 Months | G10: 45413
C11: 1756830 | D11: =42709186.1878-C11 -> 40952356
A12: 16 Month Contract | C12: 2 Months | D12: 12 Months | E12: 2 Months | G12: 45383
C13: 2698081.7 | D13: =34911058.2457235-C13 -> 32212977 | E13: =42709186.1878-D13-C13 -> 7798127.9
A14: 20 Month Contract | C14: 3 Months | D14: 12 Months | E14: 5 Months | G14: 45352
C15: 3088995.3 | D15: =25102591.1142931-C15 -> 22013596 | E15: =42709186.1878-D15-C15 -> 17606595
A17: Consultant | K17: =50/4 -> 12.5

Sheet Calculator
A2: Duration | B2: 20 | C2: Months | E2: RR - Remainder of budget (amount usually spent at early stage for material)
A3: Budget | B3: ='SUMMARY EST'!D27 -> 0 | C3: Incl Contingencies and VAT
A4: Retention | B4: 0
A5: Budget (excl. escalation and retention) | B5: =B3*(B4+1) -> 0
D6: Budget
A7: Month | B7: Time | C7: Estimate Spend | D7: Cumulative | E7: Monthly | G7: Month | H7: Monthly | I7: Cumulative
A8: =IF(ISNUMBER(B2),B2/$B$2, "Insert Correct Duration") -> 1 | B8: =A8/$B$2 -> 0.05 | C8: =IF(B8=1,1,0.5025*(B8^2)+0.4068*(B8)) -> 0.02159625 | D8: =IF(C8="","",$B$5*C8) -> 0 | E8: =D8 -> 0 | G8: =IF(OR(A8<=$B$2,A8="RR"),IF(A8="RR",$B$2,A8),"") -> 1 | H8: =IF(ISNUMBER(E8),E8,"") -> 0 | I8: =IF(ISNUMBER(D8),D8,"") -> 0
A9: =IF(ISTEXT(A8),"",IF((A8+1)<=$B$2,A8+1,IF(ISTEXT(A8),"","RR"))) -> 2 | B9: =IF(OR(B8=1,B8=""),"",A9/$B$2) -> 0.1 | C9: =IF(OR(B8=1,B8=""),IF(OR(C8=1,C8=""),"",1),0.5025*(B9^2)+0.4068*(B9)) -> 0.045705 | D9: =IF(C9="","",$B$5*C9) -> 0 | E9: =IF(ISERROR(D9-D8),"",D9-D8) -> 0 | G9: =IF(OR(A9<=$B$2,A9="RR"),IF(A9="RR",$B$2,A9),"") -> 2 | H9: =IF(ISNUMBER(E9),E9,"") -> 0 | I9: =IF(ISNUMBER(D9),D9,"") -> 0
A10: =IF(ISTEXT(A9),"",IF((A9+1)<=$B$2,A9+1,IF(ISTEXT(A9),"","RR"))) -> 3 | B10: =IF(OR(B9=1,B9=""),"",A10/$B$2) -> 0.15 | C10: =IF(OR(B9=1,B9=""),IF(OR(C9=1,C9=""),"",1),0.5025*(B10^2)+0.4068*(B10)) -> 0.07232625 | D10: =IF(C10="","",$B$5*C10) -> 0 | E10: =IF(ISERROR(D10-D9),"",D10-D9) -> 0 | G10: =IF(OR(A10<=$B$2,A10="RR"),IF(A10="RR",$B$2,A10),"") -> 3 | H10: =IF(ISNUMBER(E10),E10,"") -> 0 | I10: =IF(ISNUMBER(D10),D10,"") -> 0
A11: =IF(ISTEXT(A10),"",IF((A10+1)<=$B$2,A10+1,IF(ISTEXT(A10),"","RR"))) -> 4 | B11: =IF(OR(B10=1,B10=""),"",A11/$B$2) -> 0.2 | C11: =IF(OR(B10=1,B10=""),IF(OR(C10=1,C10=""),"",1),0.5025*(B11^2)+0.4068*(B11)) -> 0.10146 | D11: =IF(C11="","",$B$5*C11) -> 0 | E11: =IF(ISERROR(D11-D10),"",D11-D10) -> 0 | G11: =IF(OR(A11<=$B$2,A11="RR"),IF(A11="RR",$B$2,A11),"") -> 4 | H11: =IF(ISNUMBER(E11),E11,"") -> 0 | I11: =IF(ISNUMBER(D11),D11,"") -> 0
A12: =IF(ISTEXT(A11),"",IF((A11+1)<=$B$2,A11+1,IF(ISTEXT(A11),"","RR"))) -> 5 | B12: =IF(OR(B11=1,B11=""),"",A12/$B$2) -> 0.25 | C12: =IF(OR(B11=1,B11=""),IF(OR(C11=1,C11=""),"",1),0.5025*(B12^2)+0.4068*(B12)) -> 0.13310625 | D12: =IF(C12="","",$B$5*C12) -> 0 | E12: =IF(ISERROR(D12-D11),"",D12-D11) -> 0 | G12: =IF(OR(A12<=$B$2,A12="RR"),IF(A12="RR",$B$2,A12),"") -> 5 | H12: =IF(ISNUMBER(E12),E12,"") -> 0 | I12: =IF(ISNUMBER(D12),D12,"") -> 0
A13: =IF(ISTEXT(A12),"",IF((A12+1)<=$B$2,A12+1,IF(ISTEXT(A12),"","RR"))) -> 6 | B13: =IF(OR(B12=1,B12=""),"",A13/$B$2) -> 0.3 | C13: =IF(OR(B12=1,B12=""),IF(OR(C12=1,C12=""),"",1),0.5025*(B13^2)+0.4068*(B13)) -> 0.167265 | D13: =IF(C13="","",$B$5*C13) -> 0 | E13: =IF(ISERROR(D13-D12),"",D13-D12) -> 0 | G13: =IF(OR(A13<=$B$2,A13="RR"),IF(A13="RR",$B$2,A13),"") -> 6 | H13: =IF(ISNUMBER(E13),E13,"") -> 0 | I13: =IF(ISNUMBER(D13),D13,"") -> 0
A14: =IF(ISTEXT(A13),"",IF((A13+1)<=$B$2,A13+1,IF(ISTEXT(A13),"","RR"))) -> 7 | B14: =IF(OR(B13=1,B13=""),"",A14/$B$2) -> 0.35 | C14: =IF(OR(B13=1,B13=""),IF(OR(C13=1,C13=""),"",1),0.5025*(B14^2)+0.4068*(B14)) -> 0.20393625 | D14: =IF(C14="","",$B$5*C14) -> 0 | E14: =IF(ISERROR(D14-D13),"",D14-D13) -> 0 | G14: =IF(OR(A14<=$B$2,A14="RR"),IF(A14="RR",$B$2,A14),"") -> 7 | H14: =IF(ISNUMBER(E14),E14,"") -> 0 | I14: =IF(ISNUMBER(D14),D14,"") -> 0
A15: =IF(ISTEXT(A14),"",IF((A14+1)<=$B$2,A14+1,IF(ISTEXT(A14),"","RR"))) -> 8 | B15: =IF(OR(B14=1,B14=""),"",A15/$B$2) -> 0.4 | C15: =IF(OR(B14=1,B14=""),IF(OR(C14=1,C14=""),"",1),0.5025*(B15^2)+0.4068*(B15)) -> 0.24312 | D15: =IF(C15="","",$B$5*C15) -> 0 | E15: =IF(ISERROR(D15-D14),"",D15-D14) -> 0 | G15: =IF(OR(A15<=$B$2,A15="RR"),IF(A15="RR",$B$2,A15),"") -> 8 | H15: =IF(ISNUMBER(E15),E15,"") -> 0 | I15: =IF(ISNUMBER(D15),D15,"") -> 0
A16: =IF(ISTEXT(A15),"",IF((A15+1)<=$B$2,A15+1,IF(ISTEXT(A15),"","RR"))) -> 9 | B16: =IF(OR(B15=1,B15=""),"",A16/$B$2) -> 0.45 | C16: =IF(OR(B15=1,B15=""),IF(OR(C15=1,C15=""),"",1),0.5025*(B16^2)+0.4068*(B16)) -> 0.28481625 | D16: =IF(C16="","",$B$5*C16) -> 0 | E16: =IF(ISERROR(D16-D15),"",D16-D15) -> 0 | G16: =IF(OR(A16<=$B$2,A16="RR"),IF(A16="RR",$B$2,A16),"") -> 9 | H16: =IF(ISNUMBER(E16),E16,"") -> 0 | I16: =IF(ISNUMBER(D16),D16,"") -> 0
A17: =IF(ISTEXT(A16),"",IF((A16+1)<=$B$2,A16+1,IF(ISTEXT(A16),"","RR"))) -> 10 | B17: =IF(OR(B16=1,B16=""),"",A17/$B$2) -> 0.5 | C17: =IF(OR(B16=1,B16=""),IF(OR(C16=1,C16=""),"",1),0.5025*(B17^2)+0.4068*(B17)) -> 0.329025 | D17: =IF(C17="","",$B$5*C17) -> 0 | E17: =IF(ISERROR(D17-D16),"",D17-D16) -> 0 | G17: =IF(OR(A17<=$B$2,A17="RR"),IF(A17="RR",$B$2,A17),"") -> 10 | H17: =IF(ISNUMBER(E17),E17,"") -> 0 | I17: =IF(ISNUMBER(D17),D17,"") -> 0
A18: =IF(ISTEXT(A17),"",IF((A17+1)<=$B$2,A17+1,IF(ISTEXT(A17),"","RR"))) -> 11 | B18: =IF(OR(B17=1,B17=""),"",A18/$B$2) -> 0.55 | C18: =IF(OR(B17=1,B17=""),IF(OR(C17=1,C17=""),"",1),0.5025*(B18^2)+0.4068*(B18)) -> 0.37574625 | D18: =IF(C18="","",$B$5*C18) -> 0 | E18: =IF(ISERROR(D18-D17),"",D18-D17) -> 0 | G18: =IF(OR(A18<=$B$2,A18="RR"),IF(A18="RR",$B$2,A18),"") -> 11 | H18: =IF(ISNUMBER(E18),E18,"") -> 0 | I18: =IF(ISNUMBER(D18),D18,"") -> 0
A19: =IF(ISTEXT(A18),"",IF((A18+1)<=$B$2,A18+1,IF(ISTEXT(A18),"","RR"))) -> 12 | B19: =IF(OR(B18=1,B18=""),"",A19/$B$2) -> 0.6 | C19: =IF(OR(B18=1,B18=""),IF(OR(C18=1,C18=""),"",1),0.5025*(B19^2)+0.4068*(B19)) -> 0.42498 | D19: =IF(C19="","",$B$5*C19) -> 0 | E19: =IF(ISERROR(D19-D18),"",D19-D18) -> 0 | G19: =IF(OR(A19<=$B$2,A19="RR"),IF(A19="RR",$B$2,A19),"") -> 12 | H19: =IF(ISNUMBER(E19),E19,"") -> 0 | I19: =IF(ISNUMBER(D19),D19,"") -> 0
A20: =IF(ISTEXT(A19),"",IF((A19+1)<=$B$2,A19+1,IF(ISTEXT(A19),"","RR"))) -> 13 | B20: =IF(OR(B19=1,B19=""),"",A20/$B$2) -> 0.65 | C20: =IF(OR(B19=1,B19=""),IF(OR(C19=1,C19=""),"",1),0.5025*(B20^2)+0.4068*(B20)) -> 0.47672625 | D20: =IF(C20="","",$B$5*C20) -> 0 | E20: =IF(ISERROR(D20-D19),"",D20-D19) -> 0 | G20: =IF(OR(A20<=$B$2,A20="RR"),IF(A20="RR",$B$2,A20),"") -> 13 | H20: =IF(ISNUMBER(E20),E20,"") -> 0 | I20: =IF(ISNUMBER(D20),D20,"") -> 0
... A87: =IF(ISTEXT(A86),"",IF((A86+1)<=$B$2,A86+1,IF(ISTEXT(A86),"","RR"))) | B87: =IF(OR(B86=1,B86=""),"",A87/$B$2) | C87: =IF(OR(B86=1,B86=""),IF(OR(C86=1,C86=""),"",1),0.5025*(B87^2)+0.4068*(B87)) | D87: =IF(C87="","",$B$5*C87) | E87: =IF(ISERROR(D87-D86),"",D87-D86) | G87: =IF(OR(A87<=$B$2,A87="RR"),IF(A87="RR",$B$2,A87),"") | H87: =IF(ISNUMBER(E87),E87,"") | I87: =IF(ISNUMBER(D87),D87,"")
A88: =IF(ISTEXT(A87),"",IF((A87+1)<=$B$2,A87+1,IF(ISTEXT(A87),"","RR"))) | B88: =IF(OR(B87=1,B87=""),"",A88/$B$2) | C88: =IF(OR(B87=1,B87=""),IF(OR(C87=1,C87=""),"",1),0.5025*(B88^2)+0.4068*(B88)) | D88: =IF(C88="","",$B$5*C88) | E88: =IF(ISERROR(D88-D87),"",D88-D87) | G88: =IF(A88<=$B$2,IF(A88="RR",$B$2,A88),"") | H88: =IF(ISNUMBER(E88),E88,"") | I88: =IF(ISNUMBER(D88),D88,"")
A89: =IF(ISTEXT(A88),"",IF((A88+1)<=$B$2,A88+1,IF(ISTEXT(A88),"","RR"))) | B89: =IF(OR(B88=1,B88=""),"",A89/$B$2) | C89: =IF(OR(B88=1,B88=""),IF(OR(C88=1,C88=""),"",1),0.5025*(B89^2)+0.4068*(B89)) | D89: =IF(C89="","",$B$5*C89) | E89: =IF(ISERROR(D89-D88),"",D89-D88) | G89: =IF(A89<=$B$2,IF(A89="RR",$B$2,A89),"") | H89: =IF(ISNUMBER(E89),E89,"") | I89: =IF(ISNUMBER(D89),D89,"")
A90: =IF(ISTEXT(A89),"",IF((A89+1)<=$B$2,A89+1,IF(ISTEXT(A89),"","RR"))) | B90: =IF(OR(B89=1,B89=""),"",A90/$B$2) | C90: =IF(OR(B89=1,B89=""),IF(OR(C89=1,C89=""),"",1),0.5025*(B90^2)+0.4068*(B90)) | D90: =IF(C90="","",$B$5*C90) | E90: =IF(ISERROR(D90-D89),"",D90-D89) | G90: =IF(A90<=$B$2,IF(A90="RR",$B$2,A90),"") | H90: =IF(ISNUMBER(E90),E90,"") | I90: =IF(ISNUMBER(D90),D90,"")
A91: =IF(ISTEXT(A90),"",IF((A90+1)<=$B$2,A90+1,IF(ISTEXT(A90),"","RR"))) | B91: =IF(OR(B90=1,B90=""),"",A91/$B$2) | C91: =IF(OR(B90=1,B90=""),IF(OR(C90=1,C90=""),"",1),0.5025*(B91^2)+0.4068*(B91)) | D91: =IF(C91="","",$B$5*C91) | E91: =IF(ISERROR(D91-D90),"",D91-D90) | G91: =IF(A91<=$B$2,IF(A91="RR",$B$2,A91),"") | H91: =IF(ISNUMBER(E91),E91,"") | I91: =IF(ISNUMBER(D91),D91,"")
A92: =IF(ISTEXT(A91),"",IF((A91+1)<=$B$2,A91+1,IF(ISTEXT(A91),"","RR"))) | B92: =IF(OR(B91=1,B91=""),"",A92/$B$2) | C92: =IF(OR(B91=1,B91=""),IF(OR(C91=1,C91=""),"",1),0.5025*(B92^2)+0.4068*(B92)) | D92: =IF(C92="","",$B$5*C92) | E92: =IF(ISERROR(D92-D91),"",D92-D91) | G92: =IF(A92<=$B$2,IF(A92="RR",$B$2,A92),"") | H92: =IF(ISNUMBER(E92),E92,"") | I92: =IF(ISNUMBER(D92),D92,"")
A93: =IF(ISTEXT(A92),"",IF((A92+1)<=$B$2,A92+1,IF(ISTEXT(A92),"","RR"))) | B93: =IF(OR(B92=1,B92=""),"",A93/$B$2) | C93: =IF(OR(B92=1,B92=""),IF(OR(C92=1,C92=""),"",1),0.5025*(B93^2)+0.4068*(B93)) | D93: =IF(C93="","",$B$5*C93) | E93: =IF(ISERROR(D93-D92),"",D93-D92) | G93: =IF(A93<=$B$2,IF(A93="RR",$B$2,A93),"") | H93: =IF(ISNUMBER(E93),E93,"") | I93: =IF(ISNUMBER(D93),D93,"")
A94: =IF(ISTEXT(A93),"",IF((A93+1)<=$B$2,A93+1,IF(ISTEXT(A93),"","RR"))) | B94: =IF(OR(B93=1,B93=""),"",A94/$B$2) | C94: =IF(OR(B93=1,B93=""),IF(OR(C93=1,C93=""),"",1),0.5025*(B94^2)+0.4068*(B94)) | D94: =IF(C94="","",$B$5*C94) | E94: =IF(ISERROR(D94-D93),"",D94-D93) | G94: =IF(A94<=$B$2,IF(A94="RR",$B$2,A94),"") | H94: =IF(ISNUMBER(E94),E94,"") | I94: =IF(ISNUMBER(D94),D94,"")
A95: =IF(ISTEXT(A94),"",IF((A94+1)<=$B$2,A94+1,IF(ISTEXT(A94),"","RR"))) | B95: =IF(OR(B94=1,B94=""),"",A95/$B$2) | C95: =IF(OR(B94=1,B94=""),IF(OR(C94=1,C94=""),"",1),0.5025*(B95^2)+0.4068*(B95)) | D95: =IF(C95="","",$B$5*C95) | E95: =IF(ISERROR(D95-D94),"",D95-D94) | G95: =IF(A95<=$B$2,IF(A95="RR",$B$2,A95),"") | H95: =IF(ISNUMBER(E95),E95,"") | I95: =IF(ISNUMBER(D95),D95,"")
A96: =IF(ISTEXT(A95),"",IF((A95+1)<=$B$2,A95+1,IF(ISTEXT(A95),"","RR"))) | B96: =IF(OR(B95=1,B95=""),"",A96/$B$2) | C96: =IF(OR(B95=1,B95=""),IF(OR(C95=1,C95=""),"",1),0.5025*(B96^2)+0.4068*(B96)) | D96: =IF(C96="","",$B$5*C96) | E96: =IF(ISERROR(D96-D95),"",D96-D95) | G96: =IF(A96<=$B$2,IF(A96="RR",$B$2,A96),"") | H96: =IF(ISNUMBER(E96),E96,"") | I96: =IF(ISNUMBER(D96),D96,"")
A97: =IF(ISTEXT(A96),"",IF((A96+1)<=$B$2,A96+1,IF(ISTEXT(A96),"","RR"))) | B97: =IF(OR(B96=1,B96=""),"",A97/$B$2) | C97: =IF(OR(B96=1,B96=""),IF(OR(C96=1,C96=""),"",1),0.5025*(B97^2)+0.4068*(B97)) | D97: =IF(C97="","",$B$5*C97) | E97: =IF(ISERROR(D97-D96),"",D97-D96) | G97: =IF(A97<=$B$2,IF(A97="RR",$B$2,A97),"") | H97: =IF(ISNUMBER(E97),E97,"") | I97: =IF(ISNUMBER(D97),D97,"")
A98: =IF(ISTEXT(A97),"",IF((A97+1)<=$B$2,A97+1,IF(ISTEXT(A97),"","RR"))) | B98: =IF(OR(B97=1,B97=""),"",A98/$B$2) | C98: =IF(OR(B97=1,B97=""),IF(OR(C97=1,C97=""),"",1),0.5025*(B98^2)+0.4068*(B98)) | D98: =IF(C98="","",$B$5*C98) | E98: =IF(ISERROR(D98-D97),"",D98-D97) | G98: =IF(A98<=$B$2,IF(A98="RR",$B$2,A98),"") | H98: =IF(ISNUMBER(E98),E98,"") | I98: =IF(ISNUMBER(D98),D98,"")
A99: =IF(ISTEXT(A98),"",IF((A98+1)<=$B$2,A98+1,IF(ISTEXT(A98),"","RR"))) | B99: =IF(OR(B98=1,B98=""),"",A99/$B$2) | C99: =IF(OR(B98=1,B98=""),IF(OR(C98=1,C98=""),"",1),0.5025*(B99^2)+0.4068*(B99)) | D99: =IF(C99="","",$B$5*C99) | E99: =IF(ISERROR(D99-D98),"",D99-D98) | G99: =IF(A99<=$B$2,IF(A99="RR",$B$2,A99),"") | H99: =IF(ISNUMBER(E99),E99,"") | I99: =IF(ISNUMBER(D99),D99,"")
... A119: =IF(ISTEXT(A118),"",IF((A118+1)<=$B$2,A118+1,IF(ISTEXT(A118),"","RR"))) | B119: =IF(OR(B118=1,B118=""),"",A119/$B$2) | C119: =IF(OR(B118=1,B118=""),IF(OR(C118=1,C118=""),"",1),0.5025*(B119^2)+0.4068*(B119)) | D119: =IF(C119="","",$B$5*C119) | E119: =IF(ISERROR(D119-D118),"",D119-D118) | G119: =IF(A119<=$B$2,IF(A119="RR",$B$2,A119),"") | H119: =IF(ISNUMBER(E119),E119,"") | I119: =IF(ISNUMBER(D119),D119,"")

Sheet Quantities
A2: Area of capping | D2: 100000 | E2: m2
A4: Soil | B4: Thickness | D4: 450 | E4: mm
D5: =+D2*D4/1000 -> 45000 | E5: m3

Sheet Tdr Summary
B1: ETHEKWINI MUNICIPALITY CLEANSING & SOLID WASTE
B2: Contract No: 32818-6W
B3: Bisasar Road Landfill Site: Capping Phase 3
B4: SUMMARY OF BILL OF QUANTITIES
B6: SECTION 1 | C6: DESCRIPTION | E6: AMOUNT
B7: 1 | C7: =+' Sec.1 Fixed Charge'!C7 -> SCHEDULED FIXED CHARGE & VALUE RELATED ITEMS
B8: 1 | C8: =+' Sec.1Time Related 1.15 - 1.28'!C5 -> SCHEDULED TIME-RELATED ITEMS
B9: 1 | C9: =+'Sec.1 Prov.1.29 - 1.42'!C5 -> SUMS STATED PROVISIONALLY BY ENGINEER
B10: 2 | C10: SITE CLEARANCE
B11: 3 | C11: EARTHWORKS
B12: 4 | C12: EARTHWORKS : PIPE TRENCHES
B13: =+B12+1 -> 5 | C13: EARTHWORKS : ROADS, SUBGRADE
B14: =+B13+1 -> 6 | C14: ROADS : SURFACING
B15: 6 | C15: GABIONS, PITCHING INCLUDING GEOFABRIC
B16: =+B15+1 -> 7 | C16: CONCRETE WORK
B17: 7 | C17: MEDIUM PRESSURE PIPELINES & SEWERS
B18: =+B17+1 -> 8 | C18: STORMWATER DRAINAGE
B19: =+B18+1 -> 9 | C19: PARTICULAR SPECIFICATIONS: LINING SYSTEMS
B20: 10 | C20: PARTICULAR SPECIFICATIONS: DAYWORKS
B21: SUB TOTAL
B22: ADD VALUE ADDED TAX | D22: 0.15
B23: TOTAL CARRIED TO FORM OF OFFER AND ACCEPTANCE

Sheet Ancillary works summary
A1: BISASAR ROAD LANDFILL SITE: CAPPING CONSTRUCTION : PHASE 2
A2: SUMMARY OF ANCILLARY WORKS
A3: BROAD ESTIMATE | C3: date | D3: 45454
A4: Section | B4: Description | D4: Amount (est)
A5: Prov sum | B5: Ancillary works related to the infrastructure and site security, fencing, gates etc. | D5: 980000
A6: Prov sum | B6: Provision of an odour control system for environmental and public complaint limitation. | D6: 290000
A7: Prov sum | B7: Provision of a new weighbridge to replace Weighbridge No. 3 completely | D7: 700000
A8: Rates | B8: Road construction & repairs, surfacing, cracks & potholes | D8: 1200000
A9: Rates | B9: Gabion & stone pitching repairs | D9: 40000
A10: Rates | B10: Wind scatter fencing | D10: 150000 | F10: Prov sum?
A11: Rates | B11: Vee drain etc repairs | D11: 160000
A12: Rates | B12: Concrete paving, entrance & up from workshop | D12: 400000
A13: Item | B13: Repairs to weighbridge kiosk | D13: 250000 | F13: Prov sum?
A14: Rates | B14: Cleaning of sewer & stormwater pipelines | D14: =122000+88000 -> 210000
A15: Rates | B15: HDPE piping etc | D15: 300000
A16: Rates | B16: Stormwater piping & structures | D16: 300000
A17: Rates | B17: New 100kl reservoir | D17: 850000 | E17: Estimate is about R400k
A18: SUB TOTAL EXC VAT | D18: =SUM(D5:D17) -> 5830000

Sheet  Sec.1 Fixed Charge
A1: SECTION 1 : PRELIMINARY AND GENERAL | F1: =+'SUMMARY EST'!D3 -> 0
A2: Item | B2: Payment Ref | C2: Description | D2: Unit | E2: Quantity | F2: Rate | G2: Amount
B5: SABS 1200A GENERAL
C7: SCHEDULED FIXED CHARGE & VALUE RELATED ITEMS
A8: 1.1 | B8: PSA.8.3.1 | C8: Contractual requirements, sureties & insurance | D8: sum | E8: 1 | G8: =SUM('Tdr Summary'!E9:E20)*0.16 -> 0
B9: PSA.8.3.2 | C9: Establishment of facilities on site
A10: =A8+0.1 -> 1.2 | B10: PSA.8.3.2.1 | C10: Facilities for the Engineer | D10: sum | E10: 1
B11: PSA.8.3.2.2 | C11: Facilities for the Contractor
A12: =A10+0.1 -> 1.3 | C12: a) Offices & storage sheds | D12: sum | E12: 1
A13: =A12+0.1 -> 1.4 | C13: b) Workshops | D13: sum | E13: 1
A14: =A13+0.1 -> 1.5 | C14: e) Ablution & latrine facilities | D14: sum | E14: 1
A15: =A14+0.1 -> 1.6 | C15: f) Tools & equipment | D15: sum | E15: 1
A16: =A15+0.1 -> 1.7 | C16: g) Water supplies, electric power & communications | D16: sum | E16: 1
A17: =A16+0.1 -> 1.8 | C17: h) Dealing with leachate, water & dust. | D17: sum | E17: 1
A18: =A17+0.1 -> 1.9 | C18: i) Access | D18: sum | E18: 1
A19: 1.1 | C19: j) Plant | D19: sum | E19: 1
A20: =A19+0.01 -> 1.11 | B20: PSA.8.3.3 & PS 11 | C20: Other fixed-charge obligations: setting out, security, deviations and dealing with traffic. | D20: sum | E20: 1
A21: =A20+0.01 -> 1.12 | B21: PSA.8.3.5 | C21: As-built survey | D21: sum | E21: 1
A22: =A21+0.01 -> 1.13 | B22: PS-10.3 | C22: Contractor’s obligations in respect of the Occupational Health and Safety Act and any other Health & Safety regulations as may be applicable i.e. Covid-19 compliance. | D22: sum | E22: 1
A23: =A22+0.01 -> 1.14 | B23: PSA.8.3.4 | C23: Removal of site establishment | D23: sum | E23: 1
E26: TOTAL FIXED CHARGE ITEMS TO SUMMARY | F26: R | G26: =SUM(G8:G25) -> 0

Sheet  Sec.1Time Related 1.15 - 1.28
A1: SECTION 1 : PRELIMINARY AND GENERAL continued
A2: Item | B2: Payment Ref | C2: Description | D2: Unit | E2: Quantity | F2: Rate | G2: Amount
C5: SCHEDULED TIME-RELATED ITEMS
A6: 1.15 | B6: PSA.8.4.1 | C6: Contractual requirements, sureties & insurance | D6: Month | E6: 10
A7: =A6+0.01 -> 1.16 | B7: PSA.8.4.2 | C7: Operate & maintain facilities for the duration of the contract | D7: Month | E7: 10
A8: =A7+0.01 -> 1.17 | B8: PSAB.3.2 & PSAB.8.2.1 | C8: Offices for Engineer & staff and notice board | D8: Month | E8: 10
B9: PSA.8.4.2.2 | C9: Facilities for the Contractor for the duration of construction | D9: Month | E9: 10
A10: =A8+0.01 -> 1.18 | C10: a) Offices & storage sheds | D10: Month | E10: 10
A11: =A10+0.01 -> 1.19 | C11: b) Workshops | D11: Month | E11: 10
A12: =A11+0.01 -> 1.2 | C12: e) Ablution & latrine facilities | D12: Month | E12: 10
A13: =A12+0.01 -> 1.21 | C13: f) Tools & equipment | D13: Month | E13: 10
A14: =A13+0.01 -> 1.22 | C14: g) Water supplies, electric power & communications | D14: Month | E14: 10
A15: =A14+0.01 -> 1.23 | C15: h) Dealing with leachate, water & dust | D15: Month | E15: 10
A16: =A15+0.01 -> 1.24 | C16: i) Access | D16: Month | E16: 10
A17: =A16+0.01 -> 1.25 | C17: j) Plant | D17: Month | E17: 10
A18: =A17+0.01 -> 1.26 | B18: PSA.8.4.3 | C18: Supervision for duration of construction | D18: Month | E18: 10 | G18: 0
A19: =A18+0.01 -> 1.27 | B19: PSA.8.4.4 | C19: Company & head office overhead costs for the duration of the contract | D19: Month | E19: 10
A20: =A19+0.01 -> 1.28 | B20: PSA.8.4.5 & PS 11 | C20: Other time-related obligations: setting out, survey for as-built drawings, security, deviations and dealing with traffic. | D20: Month | E20: 10
E28: TOTAL TIME RELATED ITEMS TO SUMMARY | F28: R | G28: =SUM(G5:G27)+F1 -> 0

Sheet Sec.1 Prov.1.29 - 1.42
A1: SECTION 1 : PRELIMINARY AND GENERAL continued | E1: =' Sec.1 Fixed Charge'!E1 -> 0 | F1: =+'SUMMARY EST'!D3 -> 0
A2: Item | B2: Payment Ref | C2: Description | D2: Unit | E2: Quantity | F2: Rate | G2: Amount
C5: SUMS STATED PROVISIONALLY BY ENGINEER
A6: 1.29 | B6: PSA.8.5(b) 1) | C6: Cost of acceptance testing | E6: Prov sum | G6: 75000
A7: =A6+0.01 -> 1.3 | B7: PSA.8.5(b) 2) | C7: Overheads, charges & profit on item above | D7: % | E7: =+G6 -> 75000
A8: =A7+0.01 -> 1.31 | B8: PSA.8.5(b) 1) | C8: Additional survey as required | E8: Prov sum | G8: 50000
A9: =A8+0.01 -> 1.32 | B9: PSA.8.5(b) 2) | C9: Overheads, charges & profit on item above | D9: % | E9: =+G8 -> 50000
A10: =A9+0.01 -> 1.33 | B10: PSA.8.5(b) 1) | C10: Community Liaison officer | E10: Prov sum | G10: =25000*10 -> 250000
A11: =A10+0.01 -> 1.34 | B11: PSA.8.5(b) 2) | C11: Overheads, charges & profit on item above | D11: % | E11: =+G10 -> 250000
A12: =A11+0.01 -> 1.35 | B12: PSA.8.5(b) 1) | C12: Mentoring of CPG Contractor | E12: Prov sum | G12: =15000*10 -> 150000
A13: =A12+0.01 -> 1.36 | B13: PSA.8.5(b) 2) | C13: Overheads, charges & profit on item above | D13: % | E13: =+G12 -> 150000
A14: =A13+0.01 -> 1.37 | B14: PSA.8.5(b) 1) | C14: Allowance for a Social Facilitator | E14: Prov sum | G14: =10*10000 -> 100000
A15: =A14+0.01 -> 1.38 | B15: PSA.8.5(b) 2) | C15: Overheads, charges & profit on item above | D15: % | E15: =+G14 -> 100000
A16: =A15+0.01 -> 1.39 | B16: PSA.8.5(b) 1) | C16: Provision of a CQA Plan or report as required by the regulatory authorities conditions of approval. | E16: Prov sum | G16: 75000
A17: =A16+0.01 -> 1.4 | B17: PSA.8.5(b) 2) | C17: Overheads, charges & profit on item above | D17: % | E17: =+G16 -> 75000
A18: =A17+0.01 -> 1.41 | B18: PSA.8.5(b) 1) | C18: Provision for construction of gas header station and connections | E18: Prov sum | G18: 250000
A19: =A18+0.01 -> 1.42 | B19: PSA.8.5(b) 2) | C19: Overheads, charges & profit on item above | D19: % | E19: =+G18 -> 250000
E31: TOTAL PROVISIONAL SUMS TO SUMMARY | F31: R

Sheet  Sec.2 Site Clearance
A1: SECTION 2 : SITE CLEARANCE | E1: =' Sec.1 Fixed Charge'!E1 -> 0 | F1: =+'SUMMARY EST'!D3 -> 0
A2: Item | B2: Payment Ref | C2: Description | D2: Unit | E2: Quantity | F2: Rate | G2: Amount
B5: SABS 1200C SITE CLEARANCE
A7: 2.1 | B7: PSC.8.2.1 | C7: Clear and grub including the removal of all vegetation, any trees (girth up to 2,0m), stumps, poles, trimming of above ground obstructions including refuse, rubble roads, masonry structuers and fencing. Including reclearing as instructed. All inc transport within 2km. | D7: m2 | E7: 37000 | G7: =+F7*$E7 -> 0
A8: =+A7+0.1 -> 2.2 | B8: PSC 8.2.12 | C8: Remove refuse from landfill area where leachate interception and/or levelling and clearing is needed. | D8: m3 | E8: 1000 | G8: =+F8*$E8 -> 0
C10: SECTION 2 : TOTAL TO SUMMARY | F10: R | G10: =SUM(G6:G9) -> 0

Sheet Sec.3 Earth Wks
A1: SECTION 3 : EARTHWORKS | E1: =' Sec.1Time Related 1.15 - 1.28'!E1 -> 0 | F1: =+'SUMMARY EST'!D3 -> 0
A2: Item | B2: Payment Ref | C2: Description | D2: Unit | E2: Quantity | F2: Rate | G2: Amount
B4: SABS 1200 D: EARTHWORKS
A5: 3.1 | B5: PSDM.8.3.3 | C5: a) 1) Treatment of in situ material by ripping and compacting to 90% Mod AASHTO density or as approved by the Engineer, supplementing with soil from the site stockpile as needed. Including working on waste. | D5: m2 | E5: =' Sec.2 Site Clearance'!E7 -> 37000 | G5: =F5*$E5 -> 0
C6: Importing of Materials
A7: 3.2 | B7: PSD.8.3.4 | C7: b) Importing of materials. Soil from stockpile on the Bisasar Road Landfill site. Provisional. | D7: m3 | E7: 400 | G7: =F7*E7 -> 0
A8: 3.3 | B8: PSD.8.3.8 | C8: Location & protection of existing services, cleaning of open drains, pipe inlets etc. | D8: m3 | E8: 50 | G8: =F8*E8 -> 0
A9: 3.4 | B9: PSD.8.3.10 | C9: Spreading topsoil. Provisional. From material stockpiled on site. | D9: m2 | E9: =E5*0.3 -> 11100 | G9: =F9*E9 -> 0
A10: 3.5 | B10: PSD.8.3.11 | C10: a) Grassing by means of hydroseeding. Provisional. | D10: m2 | E10: =E5 -> 37000 | G10: =F10*E10 -> 0
C15: SECTION 3 : TOTAL TO SUMMARY | F15: R | G15: =SUM(G5:G14) -> 0

Sheet Sec.4 Earth Wks Pipes
A1: SECTION 4 : EARTHWORKS (PIPE TRENCHES) | F1: =+'SUMMARY EST'!D3 -> 0
A2: Item | B2: Payment Ref | C2: Description | D2: Unit | E2: Quantity | F2: Rate | G2: Amount
B5: SABS 1200 DB : EARTHWORKS (PIPE TRENCHES)
B7: PSDB.8.3.2 (a) | C7: Excavation & backfill in all materials for
A9: 4.1 | C9: 1) Generally for 90 to 250mm inclusive outside diameter piping & drains. 0 - 1.2m depth. | D9: m3 | E9: =500+350 -> 850 | G9: =+F9*$E9 -> 0
A10: 4.2 | C10: 2) Generally for 90 to 250mm inclusive outside diameter piping & drains. >1.2 - 2m depth. | D10: m3 | E10: 550 | G10: =+F10*$E10 -> 0
A11: 4.3 | C11: 3) 250 to 1050mm inclusive diameter piping & anchor trenches. 0 - 1.3m depth. | D11: m3 | E11: 150 | G11: =+F11*$E11 -> 0
A12: 4.4 | C12: 4) 250 to 1050mm inclusive diameter piping & anchor trenches. >1.3 - 2m depth. | D12: m3 | E12: 100 | G12: =+F12*$E12 -> 0
A13: 4.5 | B13: PSDB.8.3.2 (c) | C13: c) Excavation of unsuitable material from trench bottom (provisional) | D13: m3 | E13: 50 | G13: =+F13*$E13 -> 0
B15: PSDB.8.3.3.1 | C15: b) Imported backfill materials from commercial source
A17: 4.6 | C17: 1) Selected fill material | D17: m3 | E17: 50 | G17: =+F17*$E17 -> 0
A18: 4.7 | C18: 2) 19mm single sized crushed stone. | D18: m3 | E18: 250 | G18: =+F18*$E18 -> 0
A19: 4.8 | C19: 3) 53mm single sized crushed stone. | D19: m3 | E19: 700 | G19: =+F19*$E19 -> 0
A20: 4.9 | B20: PSDB.8.3.8 | C20: Anchor trench backfill and bed & backfill pipes etc with approved material placing and compaction to 93% Mod AASHTO density. Generally in selected areas for pipe bedding and / or backfilling where specified. | D20: m3 | E20: 200 | G20: =+F20*$E20 -> 0
C23: SECTION 4 : TOTAL TO SUMMARY | F23: R | G23: =SUM(G7:G22) -> 0

Sheet Sec.5 Earth Wks. Roads
A1: SECTION 5 : EARTHWORKS (Roads, Subgrade) | E1: ='Sec.1 Prov.1.29 - 1.42'!E1 -> 0 | F1: =+'SUMMARY EST'!D3 -> 0
A2: Item | B2: Payment Ref | C2: Description | D2: Unit | E2: Quantity | F2: Rate | G2: Amount
B4: SABS 1200 DM: EARTHWORKS (Roads, Subgrade)
C5: Treatment of roadbed: road and liner formation
A6: 5.1 | B6: PSDM.8.3.3 | C6: a) 1) Treatment of in situ material by ripping and compacting to 93% Mod AASHTO density | D6: m2 | E6: 1000 | G6: =F6*$E6 -> 0
B7: PSDM.8.3.4 | C7: Cut to Fill, Borrow to Fill
A8: 5.2 | B8: PSDM.8.3.4 | C8: d) Waste cover. Material from site stockpiles, placed 150mm to 200mm thick on existing waste and compacted to 90% Mod AASHTO density or as approved. | D8: m3 | E8: 250 | G8: =F8*$E8 -> 0
A9: 5.3 | B9: PSDM.8.3.5 | C9: Selected Layers
A10: 5.4 | B10: PSDM.8.3.5 | C10: a) G5 imported gravel generally 150mm thick gravel wearing course to roadways inc supply, placing & grader shaping where specified. Compaction to 98% Mod AASHTO density. | D10: m3 | E10: 100 | G10: =F10*$E10 -> 0
A11: 5.5 | B11: PSDM.8.3.5 | C11: b) Drainage Stone- Imported 75mm single sized, hard, durable crushed stone to the Engineer's approval. 150mm and 300mm thick. Nominal compaction. Slopes up to approximately 1v:3h. | D11: m3 | E11: 100 | G11: =F11*$E11 -> 0
A12: 5.6 | B12: PSDM.8.3.5 | C12: c) G7 selected fill material for road selected layer and where specified. Compaction to 95% Mod AASHTO density. Provisional. | D12: m3 | E12: 100 | G12: =F12*$E12 -> 0
A13: 5.7 | B13: PSDM.8.3.5 | C13: d) G8 imported sand/silty sand generally 125-150mm thick to capping area and where specified inclusive of supply, placing, grader shaping and compact to 95% Mod AASHTO density. Inclusive of placement over geosynthetics. | D13: m3 | E13: =' Sec.2 Site Clearance'!E7*0.3 -> 11100 | G13: =F13*E13 -> 0
A14: 5.8 | B14: PSDM.8.3.5 | C14: e) Dumprock. Imported quarried crushed rock to comply with DR in TRH 14, supply, place and spread, nominal compaction. Provisional. | D14: m3 | E14: =100*8*0.3 -> 240 | G14: =F14*$E14 -> 0
A15: 5.9 | B15: PSDM.8.3.15 | C15: Excavation & filling for catchwater mounds and channels incl. working on 1v:3h landfill slopes, forming and compaction. Material provided elsewhere. | D15: m3 | E15: 1000 | G15: =F15*$E15 -> 0
E16: 0 | G16: =F16*$E16 -> 0
C17: SECTION 5 : TOTAL TO SUMMARY | F17: R | G17: =SUM(G5:G16) -> 0

Sheet   Sec 6 Roads
A1: SECTION 6 : ROADS : SURFACING
A2: Item | B2: Payment Ref | C2: Description | D2: Unit | E2: Quantity | F2: Rate | G2: Amount
B4: SABS 1200 ME, MF, MH & MK: SUBBASE, BASE, SURFACING & KERBING
C5: Base Course
A6: 6.1 | B6: MF.8.3.3 | C6: b) Graded crushed stone base (G2) compacted to 100% Mod AASHTO density, generally 150mm thick. Provisional. | D6: m3 | F6: =1.05*682 -> 716.1 | G6: =+F6*$E6 -> 0 | I6: =E6/0.15 -> 0 | J6: 100
C7: Surfacing (new or overlay) | I7: =I6/7 -> 0
A8: =A6+0.1 -> 6.2 | B8: MH.8.5.1 | C8: Prime coat MSP 1 at 0,8l/m2 | D8: m2 | F8: =1.05*20 -> 21 | G8: =+F8*$E8 -> 0 | I8: =100*7*0.025 -> 17.5 | J8: 750
A9: =A8+0.1 -> 6.3 | B9: MH.8.5.3 | C9: Tack coat MSP 1 at 0,2l/m2 | D9: m2 | F9: =1.05*8 -> 8.4 | G9: =+F9*$E9 -> 0 | I9: =I8*2.4 -> 42 | J9: 750
A10: =A9+0.1 -> 6.4 | B10: MH.8.5.4 | C10: Asphalt wearing course 25mm up to 40mm thickness continuous grade with 5% bitumen content. Paver laid | D10: t | F10: =1.05*1500 -> 1575 | G10: =+F10*$E10 -> 0 | J10: 50
A11: =A10+0.1 -> 6.5 | B11: MH.8.5.4 | C11: Asphalt wearing course 25mm up to 40mm thickness continuous grade with 5% bitumen content. Hand laid in repaired areas. | D11: t | F11: =1.05*1600 -> 1680 | G11: =+F11*$E11 -> 0 | J11: 20
B13: COTO Ref | C13: Surfacing Repairs (ALL PROVISIONAL)
A14: =+A11+0.1 -> 6.6 | B14: PSC8.5.1 | C14: Standard crack sealing but including cleaning the crack with compressed air, applying herbicide and/or aggregate as needed, priming and sealing then rolling as required. Sealant and prime to be in accordance with Cl A8.5.5.2 or Colseal SBR latex modified mineral filled bitumen emulsion cold pour crack sealant or equal approved. | D14: m | F14: =1.05*70 -> 73.5 | G14: =+F14*$E14 -> 0 | J14: 1000
B15: PSC8.6.1 | C15: Geosynthetic crack sealing but including cleaning cracks with compressed air, applying herbicide as needed, priming and sealing then rolling as required. Sealant to be Colseal SBR latex modified mineral filled bitumen emulsion cold pour crack sealant or equal approved. Geosynthetic to be Seallmac by Kaytech applied in accordance with the manufacturers specification, or equal approved.
A16: =+A14+0.1 -> 6.7 | B16: PSC8.6.1.1 | C16: Sealing cracks with 200mm wide geosynthetic and sealant as specified in Cl A8.6.5.1 | D16: m | F16: =1.05*100 -> 105 | G16: =+F16*$E16 -> 0 | J16: 500
A17: =+A16+0.1 -> 6.8 | B17: PSC8.6.1.2 | C17: Sealing cracks with geosynthetic crack sealing over area as specified above and Cl A8.6.5.1 | D17: m2 | F17: =1.05*200 -> 210 | G17: =+F17*$E17 -> 0 | J17: 100
A18: =+A17+0.1 -> 6.9 | B18: PSC8.8.2.1 | C18: Excavation in existing pavements for patching or repair. To include for saw cutting and all asphalt, granular material and cemented layer removal as instructed on site for all areas of repair. | D18: m3 | F18: =1.05*300 -> 315 | G18: =+F18*$E18 -> 0 | J18: 25
C21: SECTION 6 : TOTAL TO SUMMARY | F21: R | G21: =SUM(G4:G20) -> 0

Sheet Sec.6 Gabions & Pitching
A1: SECTION 6 : GABIONS & PITCHING | E1: =' Sec.1 Fixed Charge'!E1 -> 0 | F1: =+'SUMMARY EST'!D3 -> 0
A2: Item | B2: Payment Ref | C2: Description | D2: Unit | E2: Quantity | F2: Rate | G2: Amount
B4: SABS 1200DK : GABIONS & PITCHING
B5: PSDK.8.2.2 | C5: Gabions
A6: 6.1 | C6: a) to drains and headwalls : 1m3 gabions with 2,5mm diameter wire galvanised & PVC coated 80 x 100mm mesh. Inclusive of all excavation & surface preparation. (Provisional). | D6: m3 | E6: 15 | G6: =+F6*$E6 -> 0
A7: 6.2 | C7: b) to drains and headwalls: Reno mattress 6m x 2m x 0,3m thick with 2,5mm diameter wire galvanised & PVC coated 80x100mm mesh. Inclusive of all excavation & surface preparation. (Provisional). | D7: m3 | E7: 10 | G7: =+F7*$E7 -> 0
A8: 6.3 | B8: PSDK.8.2.4 | C8: a) Type 3 Geofabric (180g/m2) to subsoil leachate drains etc. Inclusive of all overlaps and wastage. Provisional. | D8: m2 | E8: 1500 | G8: =+F8*$E8 -> 0
A9: 6.4 | B9: PSDK.8.2.4 | C9: b) Type 5 Geofabric (340g/m2) generally separation between geomembrane and soil. Inclusive of all overlaps and wastage.to gabions & drains etc. Inclusive of all overlaps and wastage. | D9: m2 | E9: =' Sec.2 Site Clearance'!E7*1.05*2+1000 -> 78700 | G9: =+F9*$E9 -> 0 | H9: below topsoil, below LLDPE
A10: 6.5 | B10: PSDK.8.2.4 | C10: c) Type 8 Geofabric (750g/m2) protection geotextile to capping area. Provisional | D10: m2 | E10: =' Sec.2 Site Clearance'!E7*1.05 -> 38850 | G10: =F10*E10 -> 0 | H10: ABOVE LLDPE
A11: 6.6 | B11: PSDK.8.2.4 | C11: d) Cushion Geofabric (1000g/m2) blanket to capping area or roadways. Provisional | D11: m2 | E11: 1000 | G11: =F11*E11 -> 0
A12: 6.7 | B12: PSDK.8.2.4 b) | C12: Supply of geogrid as veneer reinforcement (to new access roads or as required) | D12: m2 | E12: 2000 | G12: =F12*E12 -> 0
A13: 6.8 | B13: PSDK.8.2.5 | C13: Stone pitching & stone pitching reapirs, for erosion control of stormwater. Inclusive of all backing & weepholes. Provisonal. | D13: m2 | E13: 120 | G13: =+F13*$E13 -> 0
A14: 6.9 | B14: PSDK.8.2.8 | C14: Grouting or fine aggregate concrete of the wall, base or invert of gabion or Reno mattress structures. 100mm thick, 20MPa. | D14: m2 | E14: 150 | G14: =+F14*$E14 -> 0
A15: 6.1 | B15: PSDK.8.2.9 | C15: Gabion repair and grouting in existing open drains. | D15: m2 | E15: 20 | G15: =+F15*$E15 -> 0
C21: SECTION 6 : TOTAL TO SUMMARY | F21: R | G21: =SUM(G6:G18) -> 0

Sheet Sec.8 Conc.
A1: SECTION 8 : CONCRETE WORK | E1: =' Sec.1 Fixed Charge'!E1 -> 0 | F1: =+'SUMMARY EST'!D3 -> 0
A2: Item | B2: Payment Ref | C2: Description | D2: Unit | E2: Quantity | F2: Rate | G2: Amount
B4: SABS 1200G : CONCRETE WORK
C5: SCHEDULED REINFORCEMENT ITEMS
A6: =8.1 -> 8.1 | B6: PSG.8.3.1 | C6: Steel bars - mild, high tensile or welded mesh | D6: t | E6: 0 | F6: =1.05*35000 -> 36750 | G6: =+F6*$E6 -> 0
B7: PSG.8.4 | C7: SCHEDULED CONCRETE ITEMS | F7: 0
A8: =A6+0.1 -> 8.2 | B8: PSG.8.4.2 | C8: Blinding concrete. 10MPa strength | D8: m3 | E8: 0 | F8: =1.05*2300 -> 2415 | G8: =+F8*$E8 -> 0
A9: =A8+0.1 -> 8.3 | B9: PSG.8.4.3 | C9: Concrete Grade 20/19 to pipe encasement | D9: m3 | E9: 0 | F9: =1.05*2875 -> 3018.75 | G9: =+F9*$E9 -> 0
A10: =A9+0.1 -> 8.4 | B10: PSG.8.4.3.1 | C10: Concrete "V" and trapezoidal type drains Grade 25/19 concrete. Approx. 0,15m3/m but varies. | D10: m3 | E10: 0 | F10: =1.05*2500 -> 2625 | G10: =+F10*$E10 -> 0
A11: =A10+0.1 -> 8.5 | B11: PSG.8.4.3.2 | C11: Concrete "V" or trapezoidal type drain repairs & connection into ex. drains in 25/19 concrete. Approx. 0,25m3/m but varies. Including removal of material and repairs to existing drains. | D11: m3 | E11: 0 | F11: =1.05*3250 -> 3412.5 | G11: =+F11*$E11 -> 0
A12: =A11+0.1 -> 8.6 | B12: PSG.8.4.3.3 | C12: Concrete. Grade 30/19 concrete inc formwork, finishes, boxing out, curing and jointing to non standard sewer & stormwater structures, 150mm to 350mm thick in bases and walls. | D12: m3 | E12: 0 | F12: =1.05*2500 -> 2625 | G12: =+F12*$E12 -> 0 | H12: Confirm quantity
A13: =A12+0.1 -> 8.7 | B13: PSG.8.4.3.4 | C13: Concrete Paving. Grade 35/19 concrete inc formwork, finishes, boxing out, curing and all jointing. 150mm to 250mm thick. | D13: m3 | E13: 0 | F13: 2850 | G13: =+F13*$E13 -> 0 | J13: new and repairs
A14: =A13+0.1 -> 8.8 | B14: PSG.8.4.3.5 | C14: Concrete Paving Repairs. Grade 35/19 concrete inc formwork, finishes, boxing out, curing and all jointing. 150mm to 250mm thick. | D14: m3 | E14: 0 | F14: =2850*1.1 -> 3135 | G14: =+F14*$E14 -> 0
B15: PSG.8.4.4 | C15: Floor Hardener - Multi Amour 100 or equal approved inclusive of curing compound at 9kg/m2 as a dry shake | D15: m2 | E15: 0 | F15: =16.8*9*1.1 -> 166.32 | G15: =E15*F15 -> 0
C18: SECTION 8 : TOTAL TO SUMMARY | F18: R | G18: =SUM(G4:G17) -> 0

Sheet Sec.7 Sewers (1)
A1: SECTION 7 : SEWERS | F1: =+'SUMMARY EST'!D3 -> 0
A2: Item | B2: Payment Ref | C2: Description | D2: Unit | E2: Quantity | F2: Rate | G2: Amount
B5: SABS 1200LD : SEWERS
B6: PSLD.8.2.1 | C6: Supply and lay PE 100 SDR 17 PN 10 HDPE pipe in the following sizes inclusive of fusion welding, bends, joints and T pieces. Generally as water reticulaton, gas collection and gravity leachate pipes. Provisional
A7: 7.1 | C7: 32mm OD solid wall | D7: m | E7: 100 | G7: =F7*$E7 -> 0
A8: 7.2 | C8: 50mm OD solid wall | D8: m | E8: 100 | G8: =F8*$E8 -> 0
A9: 7.3 | C9: 110mm OD solid wal | D9: m | E9: 250 | G9: =F9*$E9 -> 0
A10: 7.4 | C10: 110mm OD perforated wall | D10: m | E10: 500 | G10: =F10*$E10 -> 0
A11: 7.5 | C11: 160mm OD solid wall | D11: m | E11: 100 | G11: =F11*$E11 -> 0
A12: 7.6 | C12: 250mm OD solid wall | D12: m | E12: 900 | G12: =F12*$E12 -> 0
A13: 7.7 | B13: PSLD.8.2.13 | C13: Valves for up to 160mm OD HDPE piping. Suitable for controlling landfill gas or leachate. | D13: No. | E13: 1 | G13: =F13*$E13 -> 0
A14: 7.8 | B14: PSLD.8.2.15 | C14: Cleaning of existing sewer lines including all manholes & chambers 110mm to 305mm diameter using approved pressure jet equipment. | D14: m | E14: 200 | G14: =F14*$E14 -> 0
C17: SECTION 7 : CARRIED FORWARD | F17: R | G17: =SUM(G5:G16) -> 0

Sheet Sec.9 Sewers (2)
A1: SECTION 9 : SEWERS | F1: =+'SUMMARY EST'!D3 -> 0
A2: Item | B2: Payment Ref | C2: Description | D2: Unit | E2: Quantity | F2: Rate | G2: Amount
B5: SABS 1200LD : SEWERS
C6: SECTION 9 : BROUGHT FORWARD | G6: =+'Sec.7 Sewers (1)'!G17 -> 0
C7: WATER STORAGE RESERVOIR
A8: =+'Sec.7 Sewers (1)'!A15+0.01 -> 0.01 | B8: PSLD.8.2.20 | C8: Nominal 100m3 tank, roofed with all panels and roof of Zincalume coated steel to SANS 9364 suitable for use in the coastal environment or Grade 316 stainless steel (ASTM A240). Bolts hot dip galvanised to SANS 121. Dome roof to be self supporting. Tank to have wind girts as needed and fixed access ladder with safety cage, platform, access hatch and hand rails, all suitably corrosion protected. Level indicator and ventilation to be provided. (ATS FlexiTank systems AluZinc tank or equal approved). Tank to be lined with UV stabilised PVC liner 1 000g/m2 minimum (or equal approved) as specified by the manufacturer. | D8: No. | F8: 350000 | G8: =+F8*E8 -> 0 | I8: 1
A9: =+A8+0.01 -> 0.02 | B9: PSLD.8.2.21 | C9: Tank penetrations inlet, outlet & dump drain. All components to be hot dip galvanised and gaskets to be neoprene or similar. Nominal maximum diameter 100mm (101.6mm), flanges to SABS 1123. Flanged each side or nozzle and strainer for inlet and outlet respectively. All to Engineers approval. | D9: No. | F9: =1.1*2500 -> 2750 | G9: =+F9*E9 -> 0 | I9: 5
A10: =+A9+0.01 -> 0.03 | B10: PSLD.8.2.22 | C10: Piping. Nominal diameter up to 100mm (101.6mm), flanges to SABS 1123 all hot dip galvanised to relevant SANS specification. Including flanges, bends and/or other couplings, bowser supports and adaptors. | D10: m | F10: 500 | G10: =+F10*E10 -> 0 | I10: 50
A11: =+A10+0.01 -> 0.04 | B11: PSLD.8.2.23 | C11: Valves. Minimum hot dip galvanised with body & stainless steel Grade 316 blade, knife gate valves, PTFE O rings and seta, manual, nominal diameter up to 160mm, flanged. Including all fixings.Provisional. | D11: No. | F11: 7500 | G11: =+F11*E11 -> 0 | I11: 4
C13: SECTION 9 : TOTAL TO SUMMARY | F13: R | G13: =SUM(G6:G12) -> 0

Sheet Sec.8 SWD
A1: SECTION 8 : STORMWATER DRAINAGE | E1: =' Sec.1 Fixed Charge'!E1 -> 0 | F1: =+'SUMMARY EST'!D3 -> 0
A2: Item | B2: Payment Ref | C2: Description | D2: Unit | E2: Quantity | F2: Rate | G2: Amount
B4: SABS 1200LE : STORMWATER DRAINAGE
B5: PSLE.8.2.1 a) | C5: Supply & lay concrete pipe. Provisional
A6: 8.1 | C6: a) 450 diameter 100D spigot and socket. | D6: m | E6: 12 | G6: =F6*$E6 -> 0
A7: 8.2 | C7: b) 600 diameter 100D spigot and socket. | D7: m | E7: 48 | G7: =F7*$E7 -> 0
B9: PSLE.8.2.1 b) | C9: Subsoil pipes
C10: a) Perforated "Drainex" pipe or equal approved to subsurface drains.
A11: 8.3 | C11: i) 110mm diameter DN 110 | D11: m | E11: 500 | G11: =F11*$E11 -> 0
A12: 8.4 | B12: PSLE.8.2.8 b) | C12: Inlet or outlet headwalls for up to 1200mm diameter pipe or smaller, and from open drains. All inclusive of excavation, reinforced concrete base, brick walls and trimming and grouting of pipework. | D12: No. | E12: 2 | G12: =F12*$E12 -> 0
A13: 8.5 | B13: PSLE.8.2.14 | C13: Cleaning of existing stormwater piping, manholes & chambers using approved pressure jetting equipment or other approved means, including emptying / de silting etc at the manholes. All removed material to be disposed of on the landfill as indicated, Size 450mm to 1100mm diameter. | D13: m | E13: 50 | G13: =F13*$E13 -> 0
A14: 8.6 | B14: PSLE.8.2.15 | C14: Cleaning of existing silt chambers, sumps, manholes including emptying /de-silting. All removed material to be disposed of on the landfill as indicated. | D14: m3 | E14: 60 | G14: =F14*E14 -> 0
C17: SECTION 8 : TOTAL TO SUMMARY | F17: R | G17: =SUM(G5:G16) -> 0

Sheet Sec.9 Linings
A1: SECTION 11 : PARTICULAR SPECIFICATION : LINING SYSTEMS
A2: Item | B2: Payment Ref | C2: Description | D2: Unit | E2: Quantity | F2: Rate | G2: Amount
B4: PARTICULAR SPECIFICATION : LINING SYSTEMS
A5: 9.1 | B5: LGM 8.1 | C5: Supply Geomembrane to GRI GM-17. 1.5mm thick LLDPE as approved. Supply to the site and store safely, for slope areas measured net, excluding all wastage, overlaps and welding requirements but including anchorage length and overlap with existing liner. Including for embossed texturing on both faces of the geomembrane. | D5: m2 | E5: =' Sec.2 Site Clearance'!E7*1.05 -> 38850 | G5: =+F5*$E5 -> 0
A6: 9.2 | B6: LGM 8.2 | C6: Installation of Geomembrane to GRI GM-17. 1.5mm thick LLDPE as approved. Completely install geomembrane on slopes of up to 1v:2.5h (generally 1v:3h max.). Slope area measured net, excluding all wastage, overlaps and welding requirements but including anchorage length and overlap with existing liner. Including for embossed texturing on both faces of the geomembrane. | D6: m2 | E6: =E5 -> 38850 | G6: =+F6*$E6 -> 0
A7: 9.3 | B7: LGC.8.1 | C7: Geosynthetic Clay Liner (GCL). Supply to the site and store safely in accordance with the project and manufacturer's specifications. Slope area measured net, excluding all wastage, and overlaps but including anchorage length and overlap with existing liner. | D7: m2 | E7: 1000 | G7: =+F7*$E7 -> 0
A8: 9.4 | B8: LGC.8.2 | C8: Geosynthetic Clay Liner (GCL). Completely install on slopes of up to 1v:2.5h (generally flatter) and under gabion drainage structues. Slope area measured net, excluding all wastage, and overlaps but including anchorage length and overlap with existing liner or other lining systems. | D8: m2 | E8: 1000 | G8: =+F8*$E8 -> 0
A9: 9.5 | B9: LGM 8.5 | C9: Establishment of leak detection equipment, once off for dipole testing. | D9: No. | E9: 1 | G9: =+F9*$E9 -> 0
A10: 9.6 | B10: LGM 8.6 | C10: Leak detection of geomembrane lining by dipole in accordance with ASTM D7007. | D10: m2 | E10: =+E6 -> 38850 | G10: =+F10*$E10 -> 0
A11: 9.7 | B11: PSA.8.5 (b) 1) | C11: Provisional sum for specialist testing on the liner components as directed by the Engineer. | E11: Prov sum | G11: 50000
A12: 9.8 | C12: Overheads, charges & profit on item above | D12: % | E12: =+G11 -> 50000 | G12: =+F12*E12 -> 0
C16: SECTION 9 : TOTAL TO SUMMARY

Sheet Sec.10 Dayworks
A1: SECTION 10 : PARTICULAR SPECIFICATIONS : DAYWORKS | E1: =' Sec.1 Fixed Charge'!E1 -> 0 | F1: =+' Sec.1 Fixed Charge'!F1:G1 -> 0
A2: Item | B2: Payment Ref | C2: Description | D2: Unit | E2: Quantity | F2: Rate | G2: Amount
C5: PARTICULAR SPECIFICATIONS : DAYWORKS
C7: LABOUR
A8: 10.1 | B8: PAA-5.1 | C8: Unskilled workers | D8: hr | E8: 90 | G8: =+F8*$E8 -> 0
A9: =A8+0.1 -> 10.2 | B9: PAA-5.1 | C9: Skilled workers (artisans) | D9: hr | E9: 90 | G9: =+F9*$E9 -> 0
A10: =A9+0.1 -> 10.3 | B10: PAA-5.1 | C10: Operators & drivers | D10: hr | E10: 81 | G10: =+F10*$E10 -> 0
A11: =A10+0.1 -> 10.4 | B11: PAA-5.1 | C11: Foreman | D11: hr | E11: 72 | G11: =+F11*$E11 -> 0
A12: =A11+0.1 -> 10.5 | B12: PAA-5.1 | C12: Gang Supervisor | D12: hr | E12: 72 | G12: =+F12*$E12 -> 0
C14: CONSTRUCTIONAL PLANT
A15: =A12+0.1 -> 10.6 | B15: PAA-5.2 | C15: Lowbed (40t capacity) | D15: km | E15: 500 | G15: =+F15*$E15 -> 0
A16: =A15+0.1 -> 10.7 | B16: PAA-5.2 | C16: Bulldozer & ripper (Cat D5 to D6) | D16: hr | E16: 45 | G16: =+F16*$E16 -> 0
A17: =A16+0.1 -> 10.8 | B17: PAA-5.2 | C17: Grader (Cat 140G) | D17: hr | E17: 27 | G17: =+F17*$E17 -> 0
A18: =A17+0.1 -> 10.9 | B18: PAA-5.2 | C18: Front-end-loader 2.5m3 bucket | D18: hr | E18: 45 | G18: =+F18*$E18 -> 0
A19: 10.1 | B19: PAA-5.2 | C19: Front-end-loader 4m3 bucket | D19: hr | E19: 45 | G19: =+F19*$E19 -> 0
A20: =A19+0.01 -> 10.11 | B20: PAA-5.2 | C20: Tracked excavator (20t - 22t) | D20: hr | E20: 36 | G20: =+F20*$E20 -> 0
A21: =+A20+0.01 -> 10.12 | B21: PAA-5.2 | C21: Tracked excavator (30t) | D21: hr | E21: 27 | G21: =+F21*$E21 -> 0
A22: =+A21+0.01 -> 10.13 | B22: PAA-5.2 | C22: Tractor-loader backhoe (TLB) | D22: hr | E22: 45 | G22: =+F22*$E22 -> 0
A23: =A22+0.01 -> 10.14 | B23: PAA-5.2 | C23: Pedestrian Roller (Bomag 90) | D23: hr | E23: 45 | G23: =+F23*$E23 -> 0
A24: =A23+0.01 -> 10.15 | B24: PAA-5.2 | C24: Vibratory roller (8t - 10t) | D24: hr | E24: 45 | G24: =+F24*$E24 -> 0
A25: =A24+0.01 -> 10.16 | B25: PAA-5.2 | C25: Compressor & all tools (250cfm) | D25: hr | E25: 45 | G25: =+F25*$E25 -> 0
A26: =A25+0.01 -> 10.17 | B26: PAA-5.2 | C26: 6m3 tip truck | D26: hr | E26: 180 | G26: =+F26*$E26 -> 0
A27: =A26+0.01 -> 10.18 | B27: PAA-5.2 | C27: 10m3 tip truck | D27: hr | E27: 180 | G27: =+F27*$E27 -> 0
A28: =+A27+0.01 -> 10.19 | B28: PAA-5.2 | C28: All terrain dumptruck (ADT) 30t capacity | D28: hr | E28: 90 | G28: =+F28*$E28 -> 0
A29: =+A28+0.01 -> 10.2 | B29: PAA-5.2 | C29: Crane truck; 10t capacity | D29: hr | E29: 18 | G29: =+F29*$E29 -> 0
A30: =+A29+0.01 -> 10.21 | B30: PAA-5.2 | C30: Light delivery vehicle | D30: km | E30: 1200 | G30: =+F30*$E30 -> 0
A31: =A30+0.01 -> 10.22 | B31: PAA-5.2 | C31: Water Tanker 8 000 litres to 12 000 litres | D31: hr | E31: 90 | G31: =+F31*$E31 -> 0
A32: =A31+0.01 -> 10.23 | B32: PAA-5.2 | C32: Other : Contractor to specify
C36: SECTION 10 : TOTAL TO SUMMARY | F36: R | G36: =SUM(G6:G35) -> 0

Sheet Sec.11 Linings
A1: SECTION 12 : PARTICULAR SPECIFICATION : LINING SYSTEMS | F1: =+'SUMMARY EST'!D3 -> 0
A2: Item | B2: Payment Ref | C2: Description | D2: Unit | E2: Quantity | F2: Rate | G2: Amount
B4: PARTICULAR SPECIFICATION : LINING SYSTEMS
A5: =11.1 -> 11.1 | B5: LGM 8.1 | C5: Supply Geomembrane to GRI GM-17. 1.5mm thick LLDPE as approved. Supply to the site and store safely, for slope areas measured net, excluding all wastage, overlaps and welding requirements but including anchorage length and overlap with existing liner. Including for embossed texturing on both faces of the geomembrane. | D5: m2 | E5: 0 | F5: 70 | G5: =+F5*$E5 -> 0
A6: =+A5+0.1 -> 11.2 | B6: LGM 8.2 | C6: Installation of Geomembrane to GRI GM-13. 1.5mm thick LLDPE as approved. Completely install geomembrane on slopes of up to 1v:2.5h (generally 1v:3h max.). Slope area measured net, excluding all wastage, overlaps and welding requirements but including anchorage length and overlap with existing liner. Including for embossed texturing on both faces of the geomembrane. | D6: m2 | E6: 0 | F6: 8 | G6: =+F6*$E6 -> 0
A7: =+A6+0.1 -> 11.3 | B7: LGC.8.1 | C7: Geosynthetic Clay Liner (GCL). Supply to the site and store safely in accordance with the project and manufacturer's specifications. Slope area measured net, excluding all wastage, and overlaps but including anchorage length and overlap with existing liner. | D7: m2 | E7: 0 | F7: 100 | G7: =+F7*$E7 -> 0
A8: =+A7+0.1 -> 11.4 | B8: LGC.8.2 | C8: Geosynthetic Clay Liner (GCL). Completely install on slopes of up to 1v:2.5h (generally flatter) and under gabion drainage structues. Slope area measured net, excluding all wastage, and overlaps but including anchorage length and overlap with existing liner or other lining systems. | D8: m2 | E8: 0 | F8: 20 | G8: =+F8*$E8 -> 0
A9: =+A8+0.1 -> 11.5 | B9: LGM 8.5 | C9: Establishment of leak detection equipment, once off for dipole testing. | D9: No. | E9: 0 | F9: 0 | G9: =+F9*$E9 -> 0
A10: =+A9+0.1 -> 11.6 | B10: LGM 8.6 | C10: Leak detection of geomembrane lining by dipole in accordance with ASTM D7007. | D10: m2 | E10: =+E6 -> 0 | F10: 0 | G10: =+F10*$E10 -> 0
A11: =+A10+0.1 -> 11.7 | B11: PSA.8.5 (b) 1) | C11: Provisional sum for specialist testing on the liner components as directed by the Engineer. | E11: Prov sum | F11: 0 | G11: 0
A12: =+A11+0.1 -> 11.8 | C12: Overheads, charges & profit on item above | D12: % | E12: =+G11 -> 0 | F12: 0 | G12: =+F12*E12 -> 0
C16: SECTION 11 : TOTAL TO SUMMARY | F16: R | G16: =SUM(G5:G15) -> 0
